 Dungeon Crawl Stone Soup version 0.32-a0-938-g40ac7a0f4d (webtiles) character file.

Game seed: 2291857887629442468

12821 Revguard the Blocker (level 11, -5/126 HPs)
             Began as a Demonspawn Fighter on Apr 15, 2024.
             Was a Priest of Wu Jian.
             Succumbed to Rupert's poison
             ... on level 12 of the Dungeon.
             The game lasted 00:31:44 (8757 turns).

Revguard the Blocker (Demonspawn Fighter)           Turns: 8757, Time: 00:31:45

Health: -5/126     AC: 25    Str: 19    XL:     11   Next: 67%
Magic:  14/14      EV:  2    Int:  8    God:    Wu Jian [***...]
Gold:   390        SH:  7    Dex: 15    Spells: 10/10 levels left

rFire   . . .        x - +8 arc blade {discharge, rElec}
rCold   + . .        c - +1 buckler
rNeg    . . .        E - melded +0 fire dragon scales
rPois   +            j - melded +0 helmet
rElec   +            F - melded +0 cloak
rCorr   .            M - melded +1 pair of gloves of Burchovoc {rF+ Int+5}
SInv    .            (boots currently unavailable)
Will    .....        r - amulet of regeneration
Stlth   +            g - ring of protection from cold
HPRegen 1.21/turn    o - ring of poison resistance
MPRegen 0.14/turn

%: no passive effects
@: mighty, brilliant, lethally poisoned (-5 -> -29), tree-form
A: stationary, stasis, torment immunity, boosted hp, (icy blue scales 1),
demonic guardian 2, powered by pain 1, (demonic touch 2)
a: Renounce Religion, Wall Jump, Serpent's Lash


You were on level 12 of the Dungeon.
You worshipped Wu Jian.
Wu Jian was most pleased with you.
You were a tree.
You visited 2 branches of the dungeon, and saw 13 of its levels.

You collected 900 gold pieces.
You spent 510 gold pieces at shops.

Inventory:

Hand Weapons
 x - the +8 arc blade (weapon) {discharge, rElec}
   (You found it on level 5 of the Dungeon)

   rElec:     It insulates you from electricity.
Missiles
 d - a throwing net (quivered)
Armour
 b - a +0 scale mail
 c - a +1 buckler (worn)
 j - a +0 helmet (melded)
 E - +0 fire dragon scales (melded)
 F - a +0 cloak (melded)
 M - the +1 pair of gloves of Burchovoc (melded) {rF+ Int+5}
   (You bought it in a shop on level 10 of the Dungeon)

   Int+5:     It affects your intelligence (+5).
   rF+:       It protects you from fire.
Jewellery
 a - a ring of resist corrosion
 g - a ring of protection from cold (left branch)
 m - a ring of positive energy
 o - a ring of poison resistance (right branch)
 q - an amulet of guardian spirit
 r - an amulet of regeneration (around neck)
 y - a ring of magical power
 O - a ring of see invisible
 P - a ring of positive energy
 Q - a +6 ring of intelligence
Wands
 u - a wand of paralysis (12)
 v - a wand of mindburst (9)
 I - a wand of quicksilver (8)
 L - a wand of flame (4)
Scrolls
 e - a scroll of torment
 f - 3 scrolls of immolation
 h - 3 scrolls of enchant armour
 i - 4 scrolls of vulnerability
 k - 4 scrolls of blinking
 n - 3 scrolls of fear {unknown}
 p - a scroll of amnesia {unknown}
 s - 2 scrolls of noise
 C - a scroll of revelation {unknown}
 D - 2 scrolls of silence
 G - 8 scrolls of teleportation
 J - a scroll of poison {unknown}
 N - a scroll of identify
Potions
 l - 3 potions of brilliance
 w - a potion of cancellation
 z - 2 potions of might
 A - 2 potions of magic
 B - 2 potions of haste
 H - a potion of attraction
 K - a potion of mutation {unknown}
 R - a potion of lignification
 T - a potion of ambrosia {unknown}
Miscellaneous
 t - a sack of spiders (inert)
 S - a condenser vane (inert)


   Skills:
 + Level 7.4 Fighting
 * Level 7.3 Short Blades
 - Level 4.4 Axes
 + Level 6.7 Armour
 + Level 5.8 Dodging
 * Level 9.0 Shields
 - Level 4.4 Invocations
 + Level 6.3 Evocations


You had 10 spell levels left.
You didn't know any spells.
Your spell library contained the following spells:

 Spells                   Type           Power      Damage    Failure   Level
 Apportation              Tloc           0%         N/A       45%         1
 Ensorcelled Hibernation  Hex/Ice        0%         N/A       61%         2
 Jinxbite                 Hex            0%         N/A       61%         2
 Passwall                 Erth           0%         N/A       83%         3
 Swiftness                Air            0%         N/A       83%         3
 Tukima's Dance           Hex            0%         N/A       83%         3
 Volatile Blastmotes      Fire/Tloc      0%         2d10      83%         3
 Passage of Golubria      Tloc           0%         N/A       99%         4
 Vhi's Electric Charge    Tloc/Air       0%         N/A       99%         4
 Alistair's Intoxication  Alch           0%         N/A       100%        5
 Yara's Violent Unravell  Hex/Alch       0%         3d3       100%        5
 Bombard                  Conj/Erth      0%         9d1       100%        6
 Haunt                    Necr/Summ      0%         N/A       100%        7
 Borgnjor's Revivificati  Necr           0%         N/A       100%        8
 Death's Door             Necr           0%         N/A       100%        9


Dungeon Overview and Level Annotations

Branches:
Dungeon (12/15)            Temple (1/1) D:6            Lair (0/5) D:8
    Orc (0/2) D:9

Altars:
Ashenzari
Cheibriados
Dithmenos
Fedhas
Gozag
Hepliaklqana
Kikubaaqudgha
Makhleb
Nemelex Xobeh
Okawaru
Qazlal
Ru
Sif Muna
Trog
Uskayaw
Vehumet
Wu Jian
Xom
Yredelemnul
Beogh

Shops:
D:10 [

Annotations:
D:12 Rupert


Innate Abilities, Weirdness & Mutations

You are a tree.
Your roots penetrate the ground, keeping you stationary.
You cannot be teleported.
You are immune to unholy pain and torment.
Your maximum health is greatly increased.
Your equipment is partially melded.
((You are partially covered in icy blue scales. (AC +2)))
A demonic guardian rushes to your aid.
You sometimes gain a little power by taking damage.
((Your touch may inflict irresistible damage on your foes.))


Message History

Your redback bites Rupert but does no damage.
Your scorpion misses Rupert.
Rupert rages.
Rupert attacks as he pursues you!
Rupert hits you with a +2 battleaxe of venom!
Rupert hits your scorpion with a +2 battleaxe of venom!!
Your scorpion dies!
Your scorpion's corpse disappears in a puff of smoke!
Aiming: Mindburst
Press: ? - help, Shift-Dir - straight line, f/p - Rupert
Aim: Rupert, wielding a +2 battleaxe of venom and wearing a +0 scale mail (heavily wounded, berserk, extremely poisoned, ally target, chance to affect: 21%) Rupert resists with almost no effort.
Rupert hits you with a +2 battleaxe of venom!!!
You are lethally poisoned!
Rupert hits your redback with a +2 battleaxe of venom!!
Your redback looks as sick as possible!
Your redback bites Rupert.
Rupert hits your redback with a +2 battleaxe of venom!
Your redback dies!
Your redback's corpse disappears in a puff of smoke!
Rupert hits you with a +2 battleaxe of venom!
* * * LOW HITPOINT WARNING * * *
A demonic guardian appears!
Blink to where?
Press: ? - help, Dir - move target, p - Rupert
As you read the scroll of blinking, it crumbles to dust.
* * * LOW HITPOINT WARNING * * *
You focus on the pain.
You feel very mighty all of a sudden.
You feel extremely sick.
It was a potion of lignification.
You turn into a tree.
Your +0 cloak melds into your body.
Your +0 helmet melds into your body.
The +1 pair of gloves of Burchovoc {rF+ Int+5} melds into your body.
Your +0 fire dragon scales melds into your body.
Your roots penetrate the ground.
* * * LOW HITPOINT WARNING * * *
You feel extremely sick.
It was a potion of brilliance.
You feel clever all of a sudden.
You die...

..#..#
#.#....#
..#....##
#......#
#......##
##.......#
#...@.4..##
##.........#
#..♣.[.....#
#..........#
##..........#
#...........#
#...........#
##...........#
#............#
#...........##
##.........##


You could see Rupert (berserk, extremely poisoned, ally target) and a friendly
rust devil (summoned).

Vanquished Creatures
  The ghost of grizmgrazm2 the Grappler, a journeyman TrFi of Wu Jian (D:11)
  The ghost of ouz the Slicer, a journeyman CoGl of Uskayaw (D:10)
  A two-headed ogre (D:9)
  Amaemon (D:10)
  The ghost of Revguard the Trooper, a novice DsFi of Yredelemnul (D:6)
  A moth of wrath (D:11)
  Joseph (D:8)
  An orange demon (D:10)
  3 komodo dragons (D:11)
  2 trolls
  Sigmund (D:4)
  A wraith (D:9)
  A shadow (D:11)
  12 yaks
  Eustachio (D:6)
  A neqoxec (D:10)
  Menkaure (D:6)
  4 vampire mosquitoes (D:8)
  A redback (D:11)
  Duvessa (D:6)
  3 acid dragons
  3 water moccasins
  3 orc warriors
  3 black bears
  3 ice beasts
  A sky beast (D:7)
  2 ogres
  4 centaurs
  2 phantoms (D:6)
  2 kobold brigands
  2 bullfrogs (D:7)
  2 scorpions
  5 wights (D:9)
  Dowan (D:6)
  2 howler monkeys (D:10)
  A jelly (D:7)
  4 quasits
  2 bombardier beetles
  A hound (D:7)
  5 orc priests
  Crazy Yiuf (D:6)
  8 orc wizards
  A sleepcap (D:6)
  Ijyb (D:4)
  3 iguanas
  Robin (D:4)
  2 adders (D:2)
  4 gnolls (D:5)
  4 shadow imps (D:4)
  7 white imps
  4 ufetubi (D:4)
  4 ribbon worms
  3 dart slugs (D:2)
  26 orcs
  2 ball pythons
  4 bats
  5 endoplasms
  2 giant cockroaches
  16 goblins
  4 hobgoblins
  4 quokkas
  4 frilled lizards
  10 kobolds
  3 rats
211 creatures vanquished.

Vanquished Creatures (collateral kills)
  A gargoyle (D:11)
  An electric eel (D:9)
  A hound (D:4)
  A gnoll bouda (D:5)
  A gnoll (D:5)
  A white imp (D:4)
  2 ufetubi (D:4)
  An orc (D:8)
9 creatures vanquished.

Vanquished Creatures (others)
  A wyvern (D:8)
  A basilisk (D:8)
  A black bear (D:8)
3 creatures vanquished.

Grand Total: 223 creatures vanquished

Notes
Turn   | Place    | Note
-------+----------+-------------------------------------------
     0 | D:1      | Revguard the Demonspawn Fighter began the quest for the
                  | Orb.
     0 | D:1      | Reached XP level 1. HP: 18/18 MP: 1/1
   477 | D:1      | Gained mutation: You sometimes gain a little power by
                  | taking damage. [demonic ancestry]
   477 | D:1      | Reached XP level 2. HP: 13/24 MP: 2/2
  1049 | D:2      | Reached skill level 1 in Invocations
  1118 | D:2      | Reached XP level 3. HP: 29/29 MP: 3/3
  1252 | D:2      | Reached skill level 3 in Shields
  1892 | D:2      | You fall into a shaft and drop 1 floor!
  2160 | D:3      | Identified the +3 mace of Ruzom {freeze, Int-2 Dex+6}
  2187 | D:3      | Reached skill level 1 in Evocations
  2221 | D:3      | Gained mutation: Your touch may inflict minor irresistible
                  | damage on your foes. [demonic ancestry]
  2221 | D:3      | Reached XP level 4. HP: 17/35 MP: 4/4
  2223 | D:3      | Reached skill level 1 in Dodging
  2850 | D:4      | Gained mutation: A weak demonic guardian rushes to your
                  | aid. [demonic ancestry]
  2850 | D:4      | Reached XP level 5. HP: 11/41 MP: 6/6
  2856 | D:4      | Noticed Sigmund
  2890 | D:4      | Killed Sigmund
  2891 | D:4      | Gained mutation: A demonic guardian rushes to your aid.
                  | [demonic ancestry]
  2891 | D:4      | Reached XP level 6. HP: 47/47 MP: 7/7
  2908 | D:4      | Noticed Ijyb
  2923 | D:4      | Killed Ijyb
  3029 | D:4      | Noticed Robin
  3040 | D:4      | Reached skill level 4 in Shields
  3040 | D:4      | Killed Robin
  3146 | D:4      | Gained mutation: You are partially covered in icy blue
                  | scales. (AC +2) [demonic ancestry]
  3146 | D:4      | Reached XP level 7. HP: 29/53 MP: 9/9
  3552 | D:5      | Entered Level 5 of the Dungeon
  3872 | D:5      | Gained mutation: Your touch may inflict irresistible damage
                  | on your foes. [demonic ancestry]
  3872 | D:5      | Reached XP level 8. HP: 43/60 MP: 10/10
  3944 | D:5      | Found the +8 arc blade {discharge, rElec}
  4194 | D:5      | Reached skill level 5 in Shields
  4380 | D:6      | Found a runed translucent door.
  4383 | D:6      | Noticed Revguard's ghost (novice DsFi)
  4434 | D:6      | Reached skill level 1 in Short Blades
  4479 | D:6      | Found a staircase to the Ecumenical Temple.
  4498 | Temple   | Entered the Ecumenical Temple
  4528 | Temple   | Became a worshipper of the Wu Jian Council
  4563 | D:6      | Noticed Dowan
  4564 | D:6      | Noticed Duvessa
  4565 | D:6      | Killed Dowan
  4573 | D:6      | Killed Duvessa
  4575 | D:6      | Noticed Eustachio
  4580 | D:6      | Killed Eustachio
  4690 | D:6      | Reached skill level 5 in Fighting
  4690 | D:6      | Reached XP level 9. HP: 64/68 MP: 12/12
  4844 | D:6      | Found a runed translucent door.
  4845 | D:6      | Noticed Crazy Yiuf
  4852 | D:6      | Killed Crazy Yiuf
  4953 | D:6      | Noticed Menkaure
  4955 | D:6      | Killed Menkaure
  4956 | D:6      | Reached skill level 6 in Shields
  5132 | D:6      | Killed Revguard's ghost
  5133 | D:6      | Reached skill level 5 in Armour
  5406 | D:7      | Reached * piety under Wu Jian
  5489 | D:7      | Found a shimmering altar of Xom.
  5929 | D:8      | Found a staircase to the Lair.
  5931 | D:8      | Noticed Joseph
  5965 | D:8      | Reached XP level 10. HP: 25/76 MP: 13/13
  5976 | D:8      | Reached skill level 7 in Shields
  5980 | D:8      | Killed Joseph
  6158 | D:8      | Found a basalt altar of Yredelemnul.
  6628 | D:9      | Reached skill level 5 in Short Blades
  6979 | D:9      | Noticed a two-headed ogre
  6983 | D:9      | Killed a two-headed ogre
  6984 | D:9      | Reached skill level 5 in Evocations
  6985 | D:9      | Reached ** piety under Wu Jian
  7328 | D:9      | Found a staircase to the Orcish Mines.
  7340 | D:9      | Found a roughly hewn altar of Beogh.
  7414 | D:10     | Entered Level 10 of the Dungeon
  7477 | D:10     | Found Fuatwure's Armour Shop.
  7480 | D:10     | Bought the +1 pair of gloves of Burchovoc {rF+ Int+5} for
                  | 510 gold pieces
  7510 | D:10     | Found a transporter.
  7516 | D:10     | Found a transporter.
  7516 | D:10     | Noticed ouz's ghost (journeyman CoGl)
  7521 | D:10     | Noticed Amaemon
  7536 | D:10     | Reached skill level 5 in Dodging
  7537 | D:10     | Reached skill level 8 in Shields
  7539 | D:10     | Killed Amaemon
  7540 | D:10     | Reached XP level 11. HP: 46/83 MP: 14/14
  7741 | D:10     | Reached *** piety under Wu Jian
  7835 | D:10     | Killed ouz's ghost
  7917 | D:11     | Noticed grizmgrazm2's ghost (journeyman TrFi)
  8245 | D:11     | Identified the +11 spear of the Ship {drain, rPois MP-9
                  | Int+2}
  8266 | D:11     | Found a transporter.
  8285 | D:11     | Found a transporter.
  8625 | D:11     | Killed grizmgrazm2's ghost
  8626 | D:11     | Reached skill level 9 in Shields
  8746 | D:12     | Noticed Rupert
  8756 | D:12     | HP: 2/126 [poisoned by Rupert]
  8757 | D:12     | Succumbed to Rupert's poison

Illustrated notes

Levels and vault maps discovered:
D:1:      roderic_octagonal_star, layout_basic
D:2:      layout_basic, ebering_dispersal_statue_hall
D:3:      layout_basic, hangedman_decor_growths
D:4:      layout_cave_pools, serial_demonic, serial_demonic_a, serial_demonic_c,
          serial_demonic_c, serial_demonic_f, serial_demonic_f,
          serial_demonic_b, serial_demonic_g, serial_demonic_c,
          serial_demonic_c, serial_demonic_d, minmay_misc_feat_x,
          kennysheep_cluttered_room, uniq_sigmund, uniq_ijyb, uniq_robin
D:5:      nicolae_cairo_tiling_very_big, layout_loops_ring
D:6:      layout_gridville, minmay_temple_entry_stoned_glass,
          hellmonk_ghost_happy_afterlife, uniq_duvessa, uniq_eustachio,
          uniq_crazy_yiuf_cottage, uniq_menkaure
D:7:      layout_loops_ring, mainiacjoe_overflow_cross_hatched, minivault_22
D:8:      layout_cave_pools, mainiacjoe_overflow_alcove_2, david_lair_generic,
          uniq_joseph
D:9:      layout_basic, minmay_orc_entry_temple_small, roderic_serpentine_path
D:10:     layout_gridville, gammafunk_ghost_stat_death, serial_shops,
          nicolae_shop_tiny_real_fake_doors, uniq_amaemon
D:11:     layout_irregular_city, gammafunk_ghost_berserking_beasts
D:12:     layout_cave_pods, uniq_rupert
Temple:   nicolae_temple_bog_church

Skill      XL: |  1  2  3  4  5  6  7  8  9 10 11 |
---------------+----------------------------------+-----
Axes           | 2 3 4 |  4.4
Invocations    | 1 2 3 4 |  4.4
Armour         | 3 4 5 6 |  6.7
Shields        | 3 4 5 6 8 9 |  9.0
Evocations     | 1 2 3 4 5 6 |  6.3
Dodging        | 1 2 3 4 5 |  5.8
Fighting       | 4 5 6 7 |  7.4
Short Blades   | 2 4 6 7 |  7.3

Action                     |  1- 3 |  4- 6 |  7- 9 | 10-12 || total
---------------------------+-------+-------+-------+-------++-------
  Melee: War axe           |   106 |    18 |    86 |       ||   210
         Mace              |     9 |    16 |       |       ||    25
         Whip              |       |    79 |    10 |       ||    89
         Rapier            |       |       |   154 |   206 ||   360
Ability: Lunge             |       |       |    12 |    19 ||    31
         Whirlwind         |       |       |    39 |    74 ||   113
         Wall Jump         |       |       |       |     1 ||     1
  Evoke: Wand              |       |       |       |     8 ||     8
         Sack of spiders   |       |       |       |     1 ||     1
         Condenser vane    |       |       |       |     1 ||     1
    Use: Potion            |     3 |     1 |     5 |     4 ||    13
         Scroll            |       |       |    11 |     2 ||    13
   Stab: Invisible         |     1 |       |       |     7 ||     8
         Petrifying        |       |       |     1 |       ||     1
 Armour: Scale mail        |   117 |   150 |   325 |    16 ||   608
         Fire dragon scale |       |       |       |   212 ||   212
  Dodge: Dodged            |    49 |   106 |   127 |    67 ||   349
  Block: Buckler           |    34 |    52 |    84 |    63 ||   233

Table legend: (Time is in decaauts)
 A = Elapsed time spent in this place.
 B = Non-inter-level travel time spent in this place.
 C = Inter-level travel time spent in this place.
 D = Time resting spent in this place.
 E = Time spent auto-exploring this place.
 F = Levels seen in this place.
 G = Mean time per level.
                   A        B        C        D        E       F      G
               +--------+--------+--------+--------+--------+-----+--------+
         Total |   8856 |   8482 |    374 |     87 |   6637 |  13 |  681.2 |
       Dungeon |   8808 |   8451 |    357 |     87 |   6637 |  12 |  734.0 |
        Temple |     47 |     30 |     17 |      0 |      0 |   1 |   47.0 |
               +--------+--------+--------+--------+--------+-----+--------+

Top non-repeatable levels by time:
     D:9: 1086 daAuts
     D:1: 1059 daAuts
     D:2: 1003 daAuts
     D:3: 844 daAuts
    D:11: 830 daAuts
     D:6: 810 daAuts
     D:5: 807 daAuts
     D:4: 716 daAuts
     D:7: 623 daAuts
     D:8: 521 daAuts
    D:10: 471 daAuts
  Temple: 47 daAuts
    D:12: 32 daAuts
